 Dungeon Crawl Stone Soup version 0.29-a0-330-g52719c12eb (webtiles) character file.

Game seed: 8252945747692753128

114 Argons the Stinger (level 5, -2/35 HPs)
             Began as a Human Venom Mage on Apr 16, 2022.
             Slain by a black bear (6 damage)
             ... on level 4 of the Dungeon.
             The game lasted 00:17:39 (3088 turns).

Argons the Stinger (Human Venom Mage)               Turns: 3088, Time: 00:17:39

Health: -2/35      AC:  3    Str:  8    XL:     5   Next: 18%
Magic:  5/8        EV: 16    Int: 17    God:
Gold:   155        SH:  0    Dex: 14    Spells: 2/8 levels left

rFire   . . .      SeeInvis .   (no weapon)
rCold   + . .      Faith    .   (no shield)
rNeg    . . .      Spirit   .   a - +0 robe
rPois   .          Reflect  .   (no helmet)
rElec   .          Harm     .   i - +0 cloak
rCorr   .          Rampage  .   (no gloves)
Will    .....                   (no boots)
Stlth   ++........              k - amulet of magic regeneration
HPRegen 0.11/turn               n - ring of protection from cold
MPRegen 0.51/turn               r - +4 ring of evasion

@: very slightly contaminated
A: no striking features
a: no special abilities


You were on level 4 of the Dungeon.
You visited 1 branch of the dungeon, and saw 4 of its levels.

You collected 155 gold pieces.

Inventory:

Hand Weapons
 p - the +5 hunting sling of Obloqy {flame, +Blink rN+++ Dex-3 SInv}
   (You found it on level 3 of the Dungeon)

   Any ammunition fired from it burns those it strikes, dealing additional fire
   damage.
   Dex:       It affects your dexterity (-3).
   rN:        It renders you almost immune to negative energy.
   SInv:      It lets you see invisible.
   +Blink:    It lets you blink.
Missiles
 l - 6 datura-tipped darts
Armour
 a - a +0 robe (worn)
 i - a +0 cloak (worn)
Jewellery
 k - an amulet of magic regeneration (around neck)
 n - a ring of protection from cold (left hand)
 r - a +4 ring of evasion (right hand)
Scrolls
 c - 2 scrolls of vulnerability
 e - 2 scrolls of teleportation {unknown}
 g - a scroll of immolation {unknown}
 h - 2 scrolls of identify
 m - a scroll of acquirement {unknown}
 o - a scroll of enchant armour {unknown}
 q - a scroll of magic mapping {unknown}
Potions
 b - a potion of magic
 d - a potion of heal wounds {unknown}
 f - 7 potions of curing
 j - a potion of lignification {unknown}


   Skills:
 - Level 2.0 Dodging
 - Level 2.0 Stealth
 - Level 2.0 Spellcasting
 + Level 1.2 Conjurations
 - Level 1.0 Transmutations
 + Level 1.8 Air Magic
 + Level 4.7 Poison Magic


You had 2 spell levels left.
You knew the following spells:

 Your Spells              Type           Power      Damage    Failure   Level
a - Sting                 Tmut/Pois      44%        1d5       6%          1
b - Poisonous Vapours     Pois/Air       24%        N/A       8%          2
c - Mephitic Cloud        Conj/Pois/Air  10%        N/A       21%         3

Your spell library contained the following spells:

 Spells                   Type           Power      Damage    Failure   Level
 Olgreb's Toxic Radiance  Pois           17%        N/A       26%         4


Dungeon Overview and Level Annotations

Branches:
Dungeon (4/15)
 Temple: D:4-7

Altars:
Fedhas
Wu Jian
Yredelemnul

Annotations:
D:3 Grinder, Sigmund


Message History

Casting: Poisonous Vapours (safe; 8% risk of failure)
Confirm with . or Enter, or press ? or * to list all spells.
Aiming: Poisonous Vapours (safe; 8% risk of failure)
Press: ? - help, Dir - move target, f/p - black bear
Aim: a black bear (almost dead, berserk, poisoned) Poisonous vapours surround the black bear!
The black bear looks even sicker.
Casting: Poisonous Vapours (safe; 8% risk of failure)
Confirm with . or Enter, or press ? or * to list all spells.
Aiming: Sting (safe; 6% risk of failure)
Press: ? - help, Shift-Dir - straight line, f/p - black bear
Aim: a black bear (almost dead, berserk, very poisoned, 79% to hit)
The sting misses the black bear.
The black bear bites you! The black bear barely misses you.
The black bear misses you. The black bear bites you! The black bear claws you.
The black bear closely misses you.
Casting: Sting (safe; 6% risk of failure)
Confirm with . or Enter, or press ? or * to list all spells.
Aiming: Sting (safe; 6% risk of failure)
Press: ? - help, Shift-Dir - straight line, f/p - black bear
Aim: a black bear (almost dead, berserk, very poisoned, 79% to hit)
The sting hits the black bear.
The black bear looks even sicker.
The black bear is almost dead.
The black bear bites you! The black bear claws you.
* * * LOW HITPOINT WARNING * * *
The black bear misses you.
Casting: Sting (safe; 6% risk of failure)
Confirm with . or Enter, or press ? or * to list all spells.
Aiming: Sting (safe; 6% risk of failure)
Press: ? - help, Shift-Dir - straight line, f/p - black bear
Aim: a black bear (almost dead, berserk, very poisoned, 79% to hit)
You miscast Sting.
You are very lightly contaminated with residual magic.
Nothing appears to happen.
The black bear bites you.
* * * LOW HITPOINT WARNING * * *
The black bear claws you.
* * * LOW HITPOINT WARNING * * *
The black bear barely misses you. The black bear misses you.
The black bear claws you.
You die...

..h.# .# ##.......# ...###.
##......... ...##.#
#......#..( #####.#
#......##.. ###...#
#.......##. ......#
#.......### #####.####
##.......... #
#.....#############...........
#...........h@................
#..............####...........
#.......######## #.....######
####....# ####### # ######


You could see a black bear (berserk, very poisoned).

Vanquished Creatures
  An iguana (D:4)
  An adder (D:3)
  4 dart slugs
  An orc (D:3)
  5 endoplasms
  6 giant cockroaches
  6 goblins
  6 hobgoblins
  3 jackals (D:1)
  A kobold (D:4)
  6 quokkas
  2 ball pythons
  9 bats
  5 frilled lizards
  10 rats
66 creatures vanquished.

Notes
Turn   | Place    | Note
-------+----------+-------------------------------------------
     0 | D:1      | Argons the Human Venom Mage began the quest for the Orb.
     0 | D:1      | Reached XP level 1. HP: 13/13 MP: 3/3
   293 | D:1      | Reached XP level 2. HP: 19/19 MP: 1/5
   985 | D:2      | Reached skill level 4 in Poison Magic
   985 | D:2      | Reached XP level 3. HP: 24/24 MP: 1/6
  1119 | D:2      | Learned a level 2 spell: Poisonous Vapours
  1123 | D:2      | Learned a level 3 spell: Mephitic Cloud
  1700 | D:2      | Reached skill level 1 in Air Magic
  1700 | D:2      | Reached XP level 4. HP: 30/30 MP: 5/7
  2188 | D:3      | Found an ornate altar of the Wu Jian Council.
  2189 | D:3      | Found a blossoming altar of Fedhas.
  2191 | D:3      | Found a basalt altar of Yredelemnul.
  2250 | D:3      | Noticed Sigmund
  2623 | D:3      | Identified the +5 hunting sling of Obloqy {flame, +Blink
                  | rN+++ Dex-3 SInv}
  2730 | D:3      | Noticed Grinder
  2854 | D:4      | Reached skill level 1 in Conjurations
  2854 | D:4      | Reached XP level 5. HP: 33/35 MP: 2/8
  3056 | D:4      | Noticed a black bear
  3088 | D:4      | Slain by a black bear

Illustrated notes

Levels and vault maps discovered:
D:1:      matt_arrival_los_fun, layout_loops_ring
D:2:      layout_loops_ring
D:3:      layout_basic, gammafunk_temple_overflow_forgotten, serial_shops,
          nicolae_shop_behind_doors, shapermc_ecumenical_altar_notcrosses,
          minmay_strange_pillars, uniq_grinder, uniq_sigmund
D:4:      layout_cave_pods, lightli_ossuary_entry_decrepit_ruins,
          eino_tiny_chamber

Skill      XL: |  1  2  3  4 |
---------------+-------------+-----
Poison Magic   | 4 |  4.7
Air Magic      | 1 |  1.8
Conjurations   | 1 |  1.2
Dodging        | |  2.0
Stealth        | |  2.0
Spellcasting   | |  2.0
Transmutations | |  1.0

Action                   |  1- 3 |  4- 6 || total
-------------------------+-------+-------++-------
Melee: Unarmed           |    17 |     8 ||    25
       Punch             |       |     1 ||     1
 Cast: Sting             |    50 |    39 ||    89
       Poisonous Vapours |       |    14 ||    14
  Use: Scroll            |     2 |       ||     2
Armor: Robe              |    13 |     9 ||    22
Dodge: Dodged            |    38 |    29 ||    67

Table legend: (Time is in decaauts)
 A = Elapsed time spent in this place.
 B = Non-inter-level travel time spent in this place.
 C = Inter-level travel time spent in this place.
 D = Time resting spent in this place.
 E = Time spent auto-exploring this place.
 F = Levels seen in this place.
 G = Mean time per level.
                   A        B        C        D        E       F      G
               +--------+--------+--------+--------+--------+-----+--------+
         Total |   3087 |   2944 |    143 |    454 |    251 |   4 |  771.8 |
       Dungeon |   3087 |   2944 |    143 |    454 |    251 |   4 |  771.8 |
               +--------+--------+--------+--------+--------+-----+--------+

Top non-repeatable levels by time:
     D:2: 983 daAuts
     D:1: 980 daAuts
     D:3: 850 daAuts
     D:4: 273 daAuts
